 Dungeon Crawl Stone Soup version 0.19-b1-4-gd8a0a2a (webtiles) character file.

197 vev the Skirmisher (level 5, -4/42 HPs)
             Began as a Mummy Enchanter on Oct 30, 2016.
             Killed from afar by an orc wizard (18 damage)
             ... with a puff of flame
             ... on level 3 of the Dungeon.
             The game lasted 00:04:27 (3456 turns).

vev the Skirmisher (Mummy Enchanter)                Turns: 3456, Time: 00:04:28

Health: -4/42      AC:  7    Str: 12    XL:     5   Next: 46%
Magic:  8/8        EV:  9    Int: 14    God:
Gold:   132        SH:  0    Dex: 13    Spells: 1 memorised, 7 levels left

rFire  x . .     SeeInvis .     m - +0 halberd
rCold  + . .     Gourm    .     j - +0 scale mail
rNeg   + + +     Faith    .     (shield currently unavailable)
rPois  ∞         Spirit   .     (no helmet)
rElec  .         Reflect  .     (no cloak)
rCorr  .         Harm     .     l - +0 pair of gloves
MR     .....                    (no boots)
Stlth  +.........               (no amulet)
                                (no ring)
                                (no ring)

@: no status effects
A: no food or potions, fire vulnerability, cold resistance 1, negative energy
resistance 3, torment resistance, unbreathing
a: no special abilities


You were on level 3 of the Dungeon.
You were not hungry.

You visited 1 branch of the dungeon, and saw 3 of its levels.

You collected 132 gold pieces.

Inventory:

Hand Weapons
 a - a +1 dagger
 g - a +0 spear
 m - a +0 halberd (weapon)
Armour
 b - a +1 robe
 h - a +0 ring mail of poison resistance
 j - a +0 scale mail (worn)
 l - a +0 pair of gloves (worn)
 n - a +0 buckler
Scrolls
 d - 2 scrolls of amnesia {unknown}
 e - a scroll of magic mapping {unknown}
 f - 3 scrolls of identify {unknown}
 i - a scroll of enchant weapon {unknown}
 k - a scroll of recharging {unknown}
 o - a scroll of remove curse {unknown}
Books
 c - a book of Maledictions

   Spells                             Type                      Level
   a - Corona                         Hexes                        1
   b - Ensorcelled Hibernation        Hexes/Ice                    2
   c - Confuse                        Hexes                        3
   d - Tukima's Dance                 Hexes                        3
   e - Dazzling Spray                 Conjuration/Hexes            3


   Skills:
 + Level 4.0 Fighting
 - Level 0.7 Short Blades
 + Level 1.9 Armour
 + Level 2.2 Dodging
 - Level 2.4 Stealth
 - Level 2.0 Spellcasting
 - Level 2.6 Hexes


You had 7 spell levels left.
You knew the following spells:

 Your Spells              Type           Power        Failure   Level  Hunger
a - Corona                Hex            #......      43%         1    N/A

Dungeon Overview and Level Annotations

Branches:
Dungeon (3/15)

Altars:


Innate Abilities, Weirdness & Mutations

You do not eat or drink.
Your flesh is vulnerable to fire.
You are immune to poison.
Your flesh is cold resistant. (rC+)
You are immune to negative energy. (rN+++)
You are immune to unholy pain and torment.
You can survive without breathing.


Message History

* * * LOW HITPOINT WARNING * * *
You closely miss something. Something hits you but does no damage.
The goblin barely misses you. Something hits you.
* * * LOW HITPOINT WARNING * * *
The goblin hits you with a club.
* * * LOW HITPOINT WARNING * * *
Unknown command.
You closely miss something.
You hear some strange, mumbled words.
A puff of flame appears from out of thin air!
The puff of flame hits you! Something hits you but does no damage.
The goblin barely misses you. Something hits you but does no damage.
You miss something. Something hits you but does no damage.
The goblin barely misses you. Something hits you but does no damage.
You miss something. Something hits you but does no damage.
The goblin hits you but does no damage.
You hear some strange, mumbled words.
A puff of flame appears from out of thin air!
The puff of flame hits you! The fire burns you terribly!
You die...

#.#.# .#
#(#!#####.#
#.#.......#
#.......###
#######.#
#)# #.#
#(######
#....@g#
######{#
... #.## ..
... ###


You could see a goblin.

Vanquished Creatures
  An orc wizard (D:3)
  4 gnolls (D:2)
  5 adders
  2 oozes
  A worm (D:3)
  2 dart slugs
  A leopard gecko (D:2)
  4 orcs (D:3)
  A giant cockroach (D:1)
  6 goblins
  8 hobgoblins
  4 jackals
  4 kobolds
  A quokka (D:2)
  9 bats
  3 frilled lizards
  A jackal zombie (D:3)
  11 rats
68 creatures vanquished.

Notes
Turn   | Place    | Note
-------+----------+-------------------------------------------
     0 | D:1      | vev the Mummy Enchanter began the quest for the Orb.
     0 | D:1      | Reached XP level 1. HP: 13/13 MP: 3/3
    42 | D:1      | Reached skill level 1 in Fighting
    54 | D:1      | Reached XP level 2. HP: 10/22 MP: 5/5
   470 | D:1      | Reached skill level 2 in Fighting
  1026 | D:2      | Reached XP level 3. HP: 18/28 MP: 6/6
  1158 | D:2      | Reached skill level 3 in Fighting
  1758 | D:2      | Reached XP level 4. HP: 35/35 MP: 7/7
  1895 | D:2      | Reached skill level 1 in Armour
  2796 | D:3      | Reached skill level 2 in Dodging
  3081 | D:3      | Reached XP level 5. HP: 39/42 MP: 8/8
  3422 | D:3      | Reached skill level 4 in Fighting
  3456 | D:3      | Killed from afar by an orc wizard

Skill      XL: |  1  2  3  4  5 |
---------------+----------------+-----
Fighting       | 1 2 3 4 |  4.0
Armour         | 1 |  1.9
Dodging        | 2 |  2.2
Short Blades   | |  0.7
Stealth        | |  2.4
Spellcasting   | |  2.0
Hexes          | |  2.6

Action                   |  1- 3 |  4- 6 || total
-------------------------+-------+-------++-------
Melee: Dagger            |    51 |       ||    51
       Spear             |   102 |    10 ||   112
       Halberd           |       |   192 ||   192
 Cast: Corona            |       |     1 ||     1
 Stab: Sleeping          |     1 |       ||     1
Armor: Robe              |    17 |       ||    17
       Ring mail         |    15 |       ||    15
       Scale mail        |    11 |   136 ||   147
Dodge: Dodged            |    73 |   146 ||   219
